 Dungeon Crawl Stone Soup version 0.19-a0 (webtiles) character file.

87 Zhenya25pyc the Shield-Bearer (level 4, -5/29 HPs)
             Began as a Gargoyle Fighter on Apr 27, 2016.
             Slain by Zhenya25pyc's ghost (11 damage)
             ... on level 3 of the Dungeon.
             The game lasted 00:01:53 (1648 turns).

Zhenya25pyc the Shield-Bearer (Gargoyle Fighter)    Turns: 1648, Time: 00:01:54

Health: -5/29      AC: 10    Str: 21    XL:     4   Next: 51%
Magic:  4/4        EV:  7    Int:  8    God:
Gold:   161        SH:  9    Dex:  7    Spells: 0 memorised, 3 levels left

rFire  . . .     SeeInvis .     a - +0 flail
rCold  . . .     Gourm    .     b - +0 scale mail
rNeg   + . .     Faith    .     c - +0 shield
rPois  ∞         Spirit   .     (no helmet)
rElec  +         Dismiss  .     (no cloak)
rCorr  .         Reflect  .     (no gloves)
SustAt .         Harm     .     (no boots)
MR     .....                    (no amulet)
Stlth  ..........               (no ring)
                                n - -2 ring of dexterity (curse)

@: not resistant to hostile enchantments, extremely unstealthy
A: negative energy resistance 1, electricity resistance, unbreathing,
petrification resistance, rot immunity, AC +3
a: no special abilities


You were on level 3 of the Dungeon.
You were hungry.

You visited 1 branch of the dungeon, and saw 3 of its levels.

You collected 161 gold pieces.

Inventory:

Hand Weapons
 a - a +0 flail (weapon)
Armour
 b - a +0 scale mail (worn)
 c - a +0 shield (worn)
Jewellery
 n - a cursed -2 ring of dexterity (left hand)
Scrolls
 j - a scroll of remove curse {unknown}
 k - 4 scrolls of identify {unknown}
 l - a scroll of enchant weapon {unknown}
 m - a scroll of recharging {unknown}
 q - a scroll of enchant armour {unknown}
 r - 3 scrolls of blinking {unknown}
Potions
 d - a potion of might
 e - 3 potions of curing {unknown}
 h - a potion of flight {unknown}
 o - a potion of mutation {unknown}
 p - 2 potions of degeneration {unknown}
Comestibles
 f - 3 bread rations
 g - a royal jelly
 i - 3 meat rations
 s - a beef jerky


   Skills:
 + Level 3.7 Fighting
 * Level 3.3 Maces & Flails
 + Level 3.8 Armour
 + Level 4.0 Shields


You had 3 spell levels left.
You didn't know any spells.

Dungeon Overview and Level Annotations

Branches:
Dungeon (3/15)

Altars:
The Shining One

Annotations:
D:3 Zhenya25pyc's ghost, amateur GrFi


Innate Abilities, Weirdness & Mutations

You are resistant to torment.
Your stone body is resilient (AC +3).
You are immune to poison.
You resist negative energy.
You are resistant to electric shocks.
You can survive without breathing.
You are immune to petrification.
You are immune to rotting.


Message History

Zhenya25pyc's ghost is heavily damaged.
Zhenya25pyc's ghost hits you but does no damage.
Your shield prevents you from hitting Zhenya25pyc's ghost.
Zhenya25pyc's ghost is heavily damaged.
You block Zhenya25pyc's ghost's attack.
Zhenya25pyc's ghost hits you but does no damage.
You thump Zhenya25pyc's ghost!
Zhenya25pyc's ghost is almost destroyed.
You block Zhenya25pyc's ghost's attack.
You hit Zhenya25pyc's ghost but do no damage.
Zhenya25pyc's ghost is almost destroyed.
Zhenya25pyc's ghost hits you.
You hit Zhenya25pyc's ghost but do no damage.
Zhenya25pyc's ghost is almost destroyed.
Zhenya25pyc's ghost barely misses you. Zhenya25pyc's ghost hits you!
* * * LOW HITPOINT WARNING * * *
You closely miss Zhenya25pyc's ghost.
Zhenya25pyc's ghost is almost destroyed.
Zhenya25pyc's ghost hits you!
You die...

#.#####....<..................
#.# #..############.########
#.# #..##... ...# #.#
#..##.########### #.#
#..#...........
##.#####............##
#......'..............
########.)............ #
#......@....... .
#.......W......
#..............
#............##
#..............
#..............
#..............
#..............


You could see Zhenya25pyc's ghost.

Vanquished Creatures
  Jessica (D:2)
  2 adders
  2 giant geckos (D:2)
  7 bats
  2 giant cockroaches (D:2)
  4 goblins
  6 hobgoblins
  7 kobolds
  A ball python (D:2)
  2 giant newts
  9 rats
43 creatures vanquished.

Notes
Turn   | Place    | Note
--------------------------------------------------------------
     0 | D:1      | Zhenya25pyc the Gargoyle Fighter began the quest for the Orb.
     0 | D:1      | Reached XP level 1. HP: 14/14 MP: 1/1
   248 | D:1      | Reached XP level 2. HP: 19/19 MP: 2/2
   859 | D:2      | Reached XP level 3. HP: 23/23 MP: 3/3
  1211 | D:2      | Found a glowing golden altar of the Shining One.
  1234 | D:2      | Noticed Jessica
  1241 | D:2      | Killed Jessica
  1241 | D:2      | Reached skill level 4 in Shields
  1241 | D:2      | Reached XP level 4. HP: 20/28 MP: 4/4
  1625 | D:3      | Noticed Zhenya25pyc's ghost (amateur GrFi)
  1648 | D:3      | Slain by Zhenya25pyc's ghost

Vault maps used:
D:1:      dpeg_arrival_simpleton_a
D:2:      tso_oasis_becter, first_bread, minmay_misc_feat_four_crosses,
          uniq_jessica
D:3:      ecumenical_altar_2, roderic_three_in_a_row

Skill      XL: |  1  2  3 |
---------------+----------+-----
Maces & Flails | 3 |  3.3
Shields        | 4 |  4.0
Fighting       | |  3.7
Armour         | |  3.8

Action                   |  1- 3 |  4- 6 || total
-------------------------+-------+-------++-------
Melee: Flail             |   106 |    47 ||   153
  Eat: Chunk             |       |     2 ||     2
Armor: Scale mail        |    52 |    19 ||    71
Dodge: Dodged            |    43 |    10 ||    53
Block: Shield            |    57 |    23 ||    80
